AoeStats
← ITVE | Jose.Antonio.Paez

Arabia

509511309Analyzed
1v1 RM · 5d ago on Sep 27, 2026· 37m 0s· 2 players
Game mode
Random Map
Map size
Tiny (2 player)
Population
200
Speed
Normal
Resources
Standard
Victory
Conquest
Starting age
Dark Age
Ending age
Imperial Age
RankedLock teamsTeams togetherTeam positionsShared explorationLock speedFull tech treeHidden civsTurbo modeCheats
Victory
Defeat
🇺🇸 Romans · United States
1105
+17
🇺🇸 Varangians · United States
1117
-17
ITVE | Jose.Antonio.Paez
9:11 Feudal Age
10:30 Double-Bit Axe
13:27 Castle Age
13:54 Loom
15:18 Bow Saw
32:44 Fletching
FRNDZ_asimpleart
8:19 Loom
10:19 Feudal Age
11:33 Double-Bit Axe
15:36 Castle Age
15:26 Gold Mining
16:24 Scale Mail Armor
28:06 Fletching
31:44 Bodkin Arrow
Connection lost

Rejoining the realm…

Still unreachable

The connection could not be restored.

Session expired

The server has moved on; the page needs a fresh start.